 Dungeon Crawl Stone Soup version 0.28-a0-793-g31680bbd8b (webtiles) character file.

Game seed: 5157429699516549202

33 ytrimaz the Skirmisher (level 3, -3/29 HPs)
             Began as a Demonspawn Fighter on Nov 3, 2021.
             Slain by Sigmund (10 damage)
             ... on level 2 of the Dungeon.
             The game lasted 00:02:04 (971 turns).

ytrimaz the Skirmisher (Demonspawn Fighter)          Turns: 971, Time: 00:02:04

Health: -3/29      AC:  7    Str: 17    XL:     3   Next: 12%
Magic:  3/3        EV:  9    Int:  9    God:
Gold:   62         SH:  0    Dex: 12    Spells: 2/2 levels left

rFire   . . .      SeeInvis .   a - +0 rapier
rCold   . . .      Faith    .   c - +0 buckler
rNeg    . . .      Spirit   .   b - +0 scale mail
rPois   .          Reflect  .   f - +0 helmet
rElec   .          Harm     .   (no cloak)
rCorr   .          Rampage  .   (no gloves)
Will    .....                   (no boots)
Stlth   ..........              (no amulet)
HPRegen 0.09/turn               (no ring)
MPRegen 0.08/turn               (no ring)

@: confused, mighty, flying
A: powered by pain 1
a: no special abilities


You were on level 2 of the Dungeon.
You visited 1 branch of the dungeon, and saw 2 of its levels.

You collected 62 gold pieces.

Inventory:

Hand Weapons
 a - a +0 rapier (weapon)
Armour
 b - a +0 scale mail (worn)
 c - a +0 buckler (worn)
 f - a +0 helmet (worn)
Scrolls
 g - a scroll of holy word {unknown}
 i - a scroll of blinking {unknown}
Potions
 e - a potion of haste
 h - a potion of flight


   Skills:
 + Level 3.2 Fighting
 * Level 2.3 Short Blades
 + Level 3.0 Armour
 * Level 0.6 Dodging
 + Level 2.9 Shields


You had 2 spell levels left.
You didn't know any spells.
Your spell library was empty.

Dungeon Overview and Level Annotations

Branches:
Dungeon (2/15)

Altars:

Annotations:
D:2 Sigmund


Innate Abilities, Weirdness & Mutations

You sometimes gain a little power by taking damage.


Message History

No target in view!
You see here a +0 club.
Found a stone staircase leading down.
i - a scroll labelled QEOW XAJEUCEU Sigmund the Dreaded comes into view.
He is wielding a +0 scythe.
Sigmund shouts!
Sigmund completely misses you.
You puncture Sigmund!
Sigmund is moderately wounded.
Sigmund gestures at you while chanting. The puff of flame hits you.
You barely miss Sigmund.
Sigmund is moderately wounded.
Sigmund mumbles some strange words.
Sigmund flickers and vanishes!
Deactivating autopickup; reactivate with Ctrl-A.
No target in view!
No target in view!
No target in view!
No target in view!
No target in view!
Unknown command.
You feel very mighty all of a sudden.
You hear some strange, mumbled words.
You are confused.
You completely miss something. Something hits you but does no damage.
You bump into the rock wall.
Something hits you.
You miss something. Something hits you but does no damage.
You closely miss something.
You bump into the rock wall.
Something hits you.
It was a potion of flight.
You feel very buoyant.
You fly up into the air.
You hear some strange, mumbled words.
You are more confused.
Something hits you!
* * * LOW HITPOINT WARNING * * *
You're too confused to move!
You bump into the rock wall.
Something hits you!
You die...

#.##.........####.
#.##.##.##........
#.......###..####.
#.......# #.......
#....#### #.......
#.#### ########
#.# ### #.#
########..
###@#####
#....>##.#
#....{..# #.....##
#.#.###.# #.....#
#.#.. #.....# #
##. #.....##.# ..
###.####.. .# #.#
### .# ####.####
##.......##


There were no monsters in sight!

Vanquished Creatures
  2 dart slugs (D:1)
  4 bats
  3 endoplasms (D:1)
  5 goblins
  3 jackals (D:1)
  3 kobolds (D:1)
  2 quokkas (D:1)
  2 frilled lizards (D:1)
  3 rats (D:1)
27 creatures vanquished.

Notes
Turn   | Place    | Note
-------+----------+-------------------------------------------
     0 | D:1      | ytrimaz the Demonspawn Fighter began the quest for the Orb.
     0 | D:1      | Reached XP level 1. HP: 18/18 MP: 1/1
   176 | D:1      | Gained mutation: You sometimes gain a little power by
                  | taking damage. [demonic ancestry]
   176 | D:1      | Reached XP level 2. HP: 19/24 MP: 2/2
   582 | D:1      | Reached XP level 3. HP: 26/29 MP: 3/3
   958 | D:2      | Noticed Sigmund
   971 | D:2      | Slain by Sigmund

Illustrated notes

Levels and vault maps discovered:
D:1:      tarquinn_simple_flora_water_a, layout_basic
D:2:      layout_loops_cross, basic_altar, uniq_crazy_yiuf_cottage,
          uniq_terence, uniq_sigmund

Skill      XL: |  1  2 |
---------------+-------+-----
Short Blades   | 2 |  2.3
Armour         | 3 |  3.0
Fighting       | |  3.2
Dodging        | |  0.6
Shields        | |  2.9

Action                   || total
-------------------------++-------
Melee: Rapier            ||    78
  Use: Potion            ||     3
Armor: Scale mail        ||    28
Dodge: Dodged            ||    37
Block: Buckler           ||    20

Table legend: (Time is in decaauts)
 A = Elapsed time spent in this place.
 B = Non-inter-level travel time spent in this place.
 C = Inter-level travel time spent in this place.
 D = Time resting spent in this place.
 E = Time spent auto-exploring this place.
 F = Levels seen in this place.
 G = Mean time per level.
                   A        B        C        D        E       F      G
               +--------+--------+--------+--------+--------+-----+--------+
         Total |    960 |    957 |      3 |      0 |    751 |   2 |  480.0 |
       Dungeon |    960 |    957 |      3 |      0 |    751 |   2 |  480.0 |
               +--------+--------+--------+--------+--------+-----+--------+

Top non-repeatable levels by time:
     D:1: 787 daAuts
     D:2: 173 daAuts
